[Event "Late-Titled-Tuesday-Blitz-April-02-2024"]
[Site "Chess.com"]
[Date "2024.04.02"]
[Round "8"]
[White "GMKrikor"]
[Black "1mbl4"]
[Result "1-0"]
[WhiteElo "2876"]
[BlackElo "2640"]
[TimeControl "180+1"]
[EndTime "15:26:48 PDT"]
[Termination "GMKrikor won on time"]

1. Nf3 Nf6 2. c4 g6 3. Nc3 Bg7 4. e4 d6 5. d4 O-O 6. h3 e5 7. dxe5 dxe5 8. Qxd8 Rxd8 9. Bg5 Re8 10. Nd5 Nxd5 11.
cxd5 c6 12. Bc4 h6 13. Be3 cxd5 14. Bxd5 Nc6 15. O-O-O Nb4 16. Bb3 Be6 17. Bxe6 Rxe6 18. Kb1 f5 19. a3 Nc6 20. Rd7 b6 21. Rhd1 Rc8 22. Rc1 Ra8 23. g4 fxg4 24. hxg4 Rf8 25. Nd2 Rf7 26. Rd5 Nd4 27. Rc8+ Kh7 28. Nc4 Rc6 29. Rxc6 Nxc6 30. b4 h5 31. gxh5 gxh5 32. b5 Na5 33. Nxe5 Re7 34. Nf3 Kg6 35. Rg5+ Kf7 36.
Rxh5 Nc4 37. Bc1 Kg6 38. Rg5+ Kf7 39. Rg4 Rd7 40. Kc2 Rc7 41. Kd3 Na5 42. Bd2 Rd7+ 43. Ke2 Nc4 44. Bc1 Rc7 45. Ng5+ Kf8 46. Ne6+ 1-0

[Event "Late-Titled-Tuesday-Blitz-April-02-2024"]
[Site "Chess.com"]
[Date "2024.04.02"]
[Round "8"]
[White "AlexandreHouhou"]
[Black "Savagelittlemole"]
[Result "0-1"]
[WhiteElo "2365"]
[BlackElo "2503"]
[TimeControl "180+1"]
[EndTime "15:26:48 PDT"]
[Termination "Savagelittlemole won on time"]

1. e4 c5 2. Nf3 d6 3. d4 cxd4 4. Qxd4 Nf6 5. c4 Nc6 6. Qe3 g6 7. Nc3 Bg7 8. Be2 O-O 9. O-O Bd7 10. Rd1 Rc8 11. Bd2 Ng4 12. Qd3 Nge5 13. Qc2 Nxf3+ 14.
gxf3 Ne5 15. Nd5 e6 16. Ne3 Qh4 17. Bc3 Qh3 18. Ng2 Nxc4 19. Bxc4 Rxc4 20. Rxd6 Be5 21. Rxd7 Qxh2+ 22. Kf1 Qh1+ 23. Ke2 Qxa1 24. Qb3 Bxc3 25. Qxc4 Qxb2+ 26. Kf1 Qc1+ 27. Ke2 Qc2+ 28. Kf1 Qb1+ 29.
Ke2 Qb2+ 30. Kf1 b5 31. Qc7 Qb1+ 32. Ke2 Qxa2+ 33. Kf1 Ba5 34. Qxa7 Qb1+ 35. Ke2 Qc2+ 36. Kf1 Qc1+ 37. Ke2 Qc4+ 38. Ke3 Bb4 39. Kf4 e5+ 40. Kg3 Bc5 41. Qc7 Qe6 42. Nh4 Bd4 43. Rd5 Qf6 44. Ng2 Qg5+ 45. Kh2 Bxf2 0-1

[Event "Late-Titled-Tuesday-Blitz-April-02-2024"]
[Site "Chess.com"]
[Date "2024.04.02"]
[Round "8"]
[White "Zhigalko_Sergei"]
[Black "Kazan28"]
[Result "0-1"]
[WhiteElo "2866"]
[BlackElo "2688"]
[TimeControl "180+1"]
[EndTime "15:26:53 PDT"]
[Termination "Kazan28 won by checkmate"]

1. e4 e5 2. Nf3 Nc6 3. Bc4 Nf6 4. d3 Be7 5. O-O O-O 6. Nbd2 d6 7. c3 Be6 8. Bb5 h6 9. Re1 a6 10. Bxc6 bxc6 11.
d4 exd4 12. cxd4 a5 13. Qc2 Ra6 14. b3 a4 15. b4 a3 16. Re3 Qa8 17. h3 Rb8 18. Rb1 Ra4 19. b5 cxb5 20. d5 Bd7 21. Rbb3 b4 22. Nd4 Ra5 23. Qd1 Ba4 24. Nf5 Bf8 25. Rg3 Kh7 26. Qf3 Rc5 27. Rb1 Bc2 28.
Ra1 Nxe4 29. Nxe4 Qxd5 30. Nf6+ gxf6 31. Qg4 Qd1+ 32. Qxd1 Bxd1 33. Ne3 Bh5 34. Bd2 Rg5 35. Nc4 Rxg3 36. fxg3 d5 37. Na5 c5 38. Rc1 c4 39.
Nc6 Rb6 40. Nd4 Bc5 41. Be3 b3 42. axb3 cxb3 43. Rxc5 b2 44. Rc8 b1=Q+ 45. Kh2 a2 46. g4 Bg6 47. Bxh6 a1=Q 48. Ne6 Qh1+ 49. Kg3 Rb3+ 50.
Kh4 Qae1+ 51. g3 Qxg3# 0-1

[Event "Late-Titled-Tuesday-Blitz-April-02-2024"]
[Site "Chess.com"]
[Date "2024.04.02"]
[Round "8"]
[White "ArmanGhevondyanchess"]
[Black "Godzillator"]
[Result "0-1"]
[WhiteElo "2585"]
[BlackElo "2418"]
[TimeControl "180+1"]
[EndTime "15:26:56 PDT"]
[Termination "Godzillator won by checkmate"]

1. Nf3 Nf6 2. g3 g6 3. Bg2 Bg7 4. O-O O-O 5. d4 d5 6. b3 c6 7.
Bb2 a5 8. Ne5 a4 9. b4 Nbd7 10.
Na3 Nxe5 11. dxe5 Nd7 12. f4 e6 13. Kh1 b6 14. c4 Ba6 15. Rc1 Qe7 16. b5 cxb5 17.
cxd5 exd5 18. Qxd5 Nc5 19. Qxa8 Rxa8 20. Bxa8 Bb7+ 21.
Bxb7 Qxb7+ 22. Kg1 b4 23. Nc4 Ne4 24. Rfd1 b5 25.
Nd6 Nxd6 26. Rxd6 h5 27. Rd4 a3 28. Ba1 b3 29. axb3 Bf8 30. e6 fxe6 31. b4 Qb6 32.
e3 Bg7 33. Rd3 Bxa1 34. Rxa1 Qc7 35. Rdxa3 Qc2 36. Ra7 Qd2 37. R7a3 Qxb4 38. Rd3 Qc5 39. Ra8+ Kg7 40. Rd7+ Kf6 41. Raa7 Qxe3+ 42. Kg2 Qe2+ 43.
Kg1 Kf5 44. Rg7 h4 45. Rae7 h3 46. g4+ Kxf4 47. Ref7+ Ke5 48. Rf2 Qxg4+ 49. Kf1 Qd1# 0-1

[Event "Late-Titled-Tuesday-Blitz-April-02-2024"]
[Site "Chess.com"]
[Date "2024.04.02"]
[Round "8"]
[White "moro182"]
[Black "JoakimVonAnd"]
[Result "0-1"]
[WhiteElo "2884"]
[BlackElo "2717"]
[TimeControl "180+1"]
[EndTime "15:26:58 PDT"]
[Termination "JoakimVonAnd won by resignation"]

1. d4 d5 2. Bf4 e6 3. e3 c5 4. Nf3 Nc6 5. Nbd2 Bd6 6. dxc5 Bxc5 7. Bd3 Nf6 8. O-O O-O 9. c3 Bd6 10. Bxd6 Qxd6 11. e4 e5 12. Qc2 dxe4 13. Nxe4 Nxe4 14. Bxe4 f5 15. Rad1 Qf6 16. Bxc6 bxc6 17. Qe2 e4 18.
Nd4 Kh8 19. Qc4 Bd7 20. Rfe1 Rac8 21. Qc5 Be8 22. Ne6 Rf7 23. Rd6 Rd7 24. Rxd7 Bxd7 25. Nd4 a6 26. f4 exf3 27. Nxf3 Be6 28. b3 Bd5 29. Qe3 h6 30. c4 Be4 31. Nd2 Re8 32.
Qf2 Qc3 33. Nf1 Rd8 34. h3 Rd3 35. Re3 Rxe3 36. Nxe3 Qa1+ 37. Kh2 Qe5+ 38. Kg1 Qa1+ 39. Nf1 Bd3 40. Qf3 Qb1 41. Qf2 a5 42. g4 fxg4 43.
hxg4 c5 44. Qf3 Qxf1+ 45. Qxf1 Bxf1 46. Kxf1 g6 47. Kf2 Kg7 48. Ke3 Kf6 49. Ke4 h5 50. gxh5 gxh5 51. Kd5 h4 52. Ke4 Kg5 53. a3 Kg4 54. Kd5 h3 55. Kxc5 h2 56. Kb5 h1=Q 57. Kxa5 Qb7 58. b4 Kf5 59. c5 Ke5 60. b5 Kd5 61. c6 Qa7+ 62. Kb4 Qb6 63. a4 Kd6 64. a5 Qd4+ 65. Kb3 Qc5 66. Ka4 Qc4+ 0-1

[Event "Late-Titled-Tuesday-Blitz-April-02-2024"]
[Site "Chess.com"]
[Date "2024.04.02"]
[Round "8"]
[White "Eagle_2019"]
[Black "Franmu14"]
[Result "0-1"]
[WhiteElo "2850"]
[BlackElo "2689"]
[TimeControl "180+1"]
[EndTime "15:27:01 PDT"]
[Termination "Franmu14 won by resignation"]

1. b3 e5 2. Bb2 Nc6 3. c4 Nf6 4. e3 a6 5. Nf3 e4 6. Nd4 Nxd4 7. Bxd4 d5 8. Nc3 c6 9. cxd5 cxd5 10. Be2 Be6 11.
O-O Bd6 12. f3 O-O 13. f4 Rc8 14. g4 Bc5 15. g5 Bxd4 16. exd4 Ne8 17. Qe1 Nd6 18.
Qf2 Nf5 19. Bg4 f6 20. h4 fxg5 21. fxg5 Qb6 22. Bxf5 Rxf5 23. Qe3 Rcf8 24. Rxf5 Rxf5 25. Rf1 Rxf1+ 26. Kxf1 Qd6 27. Kg2 b5 28. Qg3 Qf8 29. Nd1 Qb4 30. Qc3 Qd6 31. Qg3 Qb4 32. Qf2 Bg4 33.
Nc3 Bf3+ 34. Kh2 Qa3 35. Qg3 Qb2 36. Qb8+ Kf7 37. Qf4+ Kg6 38. Kg3 Qc1 39. Kf2 Qh1 40. Qg3 Qc1 41. Ke3 Qc2 42. h5+ Kxh5 43. Nxd5 Qd3+ 44.
Kf4 Qxd2+ 45. Ke5 Qxg5+ 46. Qxg5+ Kxg5 47. Ne3 Bg4 48. Nxg4 Kxg4 49. Kxe4 h5 50. d5 h4 51.
d6 h3 52. d7 h2 53. d8=Q h1=Q+ 0-1

[Event "Late-Titled-Tuesday-Blitz-April-02-2024"]
[Site "Chess.com"]
[Date "2024.04.02"]
[Round "8"]
[White "WilsonPalencia21"]
[Black "TanitoluwaAps116"]
[Result "1-0"]
[WhiteElo "2613"]
[BlackElo "2788"]
[TimeControl "180+1"]
[EndTime "15:27:02 PDT"]
[Termination "WilsonPalencia21 won on time"]

1. d4 Nf6 2. c4 e6 3. Nf3 b6 4. g3 Ba6 5. Qc2 Bb7 6. Bg2 c5 7. d5 exd5 8. cxd5 Nxd5 9. O-O Be7 10. Rd1 Nc6 11. a3 Nf6 12. e4 O-O 13. e5 Ne8 14. Nc3 Nc7 15. Be3 Ne6 16. Rd2 Ncd4 17. Nxd4 cxd4 18. Bxd4 Bxg2 19. Kxg2 Qc7 20. Qe4 Qc6 21.
Be3 f5 22. exf6 Bxf6 23. Nd5 Rae8 24. Rad1 Bg5 25. Qc2 Qa8 26. f4 Be7 27. Kg1 Bc5 28. Bxc5 bxc5 29. Qc4 Kh8 30. Rf1 Rf5 31. Ne3 Rf7 32.
h4 Rff8 33. Qd5 Qb8 34. Nc4 Qb3 35. Rd3 Qc2 36. Rf2 Qb1+ 37. Rf1 Qa2 38. Rf2 Nd4 39.
Kg2 Qb1 40. Ne5 Rxe5 41. fxe5 Rxf2+ 42. Kxf2 Qc2+ 43. Ke3 Qe2+ 44. Kf4 Ne6+ 45. Qxe6 Qf2+ 46. Rf3 Qd4+ 47. Kg5 Qd2+ 48. Kg4 1-0

[Event "Late-Titled-Tuesday-Blitz-April-02-2024"]
[Site "Chess.com"]
[Date "2024.04.02"]
[Round "8"]
[White "Fh2411"]
[Black "FredddieCroderg"]
[Result "1-0"]
[WhiteElo "2565"]
[BlackElo "2392"]
[TimeControl "180+1"]
[EndTime "15:27:02 PDT"]
[Termination "Fh2411 won on time"]

1. d4 d5 2. Nf3 e6 3. Bf4 Nf6 4. e3 Bd6 5. Bg3 O-O 6. Nbd2 c5 7. Ne5 Nc6 8. c3 Ne7 9. Bd3 b6 10. f4 Bb7 11. Qf3 Nf5 12. O-O Be7 13. Ng4 Nxg4 14. Qxg4 Nd6 15. Qh3 f5 16. Nf3 Ne4 17. Bh4 Bf6 18.
g4 cxd4 19. cxd4 Rc8 20. Bxf6 Qxf6 21. Kh1 Rc7 22. Qg2 Rfc8 23. Ne5 Kh8 24. Rg1 Qh4 25. Raf1 fxg4 26. Nxg4 Nd6 27. Ne5 Nf5 28. Rf3 Rc1 29.
Bxf5 Rxg1+ 30. Qxg1 exf5 31. Rg3 g6 32. Qf1 Rc2 33.
Nxg6+ hxg6 34. Rh3 Qxh3 35. Qxh3+ Kg7 36. Qh4 Rc7 37.
Qd8 Rf7 38. Kg2 Ba6 39. Qxd5 Bd3 40. Qe5+ Kg8 41. d5 Be4+ 42. Kg3 Kf8 43. d6 Kg8 44. Qe8+ Kg7 45. d7 Bc6 46. Qxf7+ 1-0

[Event "Late-Titled-Tuesday-Blitz-April-02-2024"]
[Site "Chess.com"]
[Date "2024.04.02"]
[Round "8"]
[White "KorolDimitriy75"]
[Black "rcmz"]
[Result "1/2-1/2"]
[WhiteElo "2347"]
[BlackElo "2205"]
[TimeControl "180+1"]
[EndTime "15:27:02 PDT"]
[Termination "Game drawn by repetition"]

1. d4 d6 2. c4 Nd7 3. Nf3 c6 4. Nc3 h6 5. e4 g5 6. h3 Bg7 7. Be3 Qb6 8. Qd2 Qa5 9. Be2 Ngf6 10. O-O g4 11. hxg4 Nxg4 12. Bf4 Nf8 13. Rad1 Ng6 14. Bg3 h5 15. Nh4 Nxh4 16. Bxh4 Nf6 17. e5 dxe5 18. dxe5 Ng8 19. b4 Qc7 20. f4 Bf5 21. Bf3 Nh6 22. a3 Ng4 23. Ne4 O-O 24. Qe2 Rad8 25. c5 Rxd1 26.
Rxd1 Rd8 27. Rd2 Rxd2 28. Qxd2 e6 29. Qd6 Qxd6 30. exd6 e5 31. Bxg4 hxg4 32. Nf6+ Bxf6 33. Bxf6 exf4 34. Be5 f3 35. gxf3 gxf3 36. Kf2 Bg4 37.
Kg3 Kf8 38. Bd4 Be6 39. Kxf3 Ke8 40. Kf4 Kd7 41. Ke5 a6 42. Kf6 Bd5 43. Be5 Be6 44. a4 Bd5 45. a5 Be6 46. Bf4 Bd5 47. Bh6 Be6 48. Bf8 Bd5 49. Be7 Be6 50. Bf8 Bd5 51.
Be7 Be6 52. Bf8 1/2-1/2

[Event "Late-Titled-Tuesday-Blitz-April-02-2024"]
[Site "Chess.com"]
[Date "2024.04.02"]
[Round "8"]
[White "Kavyev_Ruslan"]
[Black "azikom"]
[Result "0-1"]
[WhiteElo "2400"]
[BlackElo "2657"]
[TimeControl "180+1"]
[EndTime "15:27:05 PDT"]
[Termination "azikom won by checkmate"]

1. d4 c6 2. Nf3 d5 3. c4 Nf6 4. Nc3 e6 5. Qd3 Nbd7 6. g3 b6 7. Bg2 Ba6 8. b3 Be7 9. O-O O-O 10. e4 Rc8 11. Re1 h6 12. Nd2 Re8 13. e5 Nh7 14. Qc2 Nhf8 15. Bb2 Qc7 16. h4 Qb8 17. Qd1 Red8 18.
Qg4 dxc4 19. Nxc4 c5 20. dxc5 Bxc4 21. Qxc4 Nxc5 22. Qe2 Nd3 23. Red1 Nxb2 24. Rxd8 Bxd8 25. Qxb2 Qxe5 26. Na4 Qxb2 27. Nxb2 Bf6 28. Rb1 Rc2 29. Nc4 Rxa2 30. Nd6 Bd4 31. Rf1 a5 32. Bc6 Ng6 33. Kg2 Ne5 34. Ba4 h5 35. Nb5 Bc5 36. Nc3 Rb2 37. Ne4 Ng4 38. Nxc5 bxc5 39. Kf3 Nh2+ 40. Kg2 Nxf1 41. Kxf1 Kf8 42. Kg2 Ke7 43. Kf3 g6 44. Ke3 f5 45. f3 Kf6 46. Kd3 Rg2 47. Kc4 Rxg3 48. Kxc5 Rxf3 49. Kb5 e5 50. Kxa5 e4 51. b4 e3 52. b5 e2 53. b6 e1=Q+ 54. Ka6 Qe2+ 55.
Bb5 Ra3+ 56. Kb7 Qxb5 57. Kc7 Rc3+ 58. Kb7 Qc6+ 59. Ka7 Ra3+ 60. Kb8 Ra8# 0-1

[Event "Late-Titled-Tuesday-Blitz-April-02-2024"]
[Site "Chess.com"]
[Date "2024.04.02"]
[Round "8"]
[White "Grischuk"]
[Black "Evgeny81"]
[Result "1-0"]
[WhiteElo "3062"]
[BlackElo "2757"]
[TimeControl "180+1"]
[EndTime "15:27:06 PDT"]
[Termination "Grischuk won on time"]

1. d4 Nf6 2. c4 e6 3. Bg5 h6 4.
Bh4 Bb4+ 5. Nd2 g5 6. Bg3 Ne4 7.
Nf3 g4 8. a3 Nxd2 9. Nxd2 Be7 10.
e3 h5 11. h3 Rg8 12. Qc2 f5 13. hxg4 hxg4 14. O-O-O d6 15. Bd3 Nc6 16. Kb1 Bf6 17. Rh7 Bg7 18. c5 d5 19. Rdh1 Kf8 20. f3 gxf3 21. Nxf3 Bd7 22. Bf4 Qf6 23. Bxc7 Rc8 24.
Bd6+ Ke8 25. Qb3 Nd8 26. Be5 Qg6 27. Bxg7 Rxg7 28. Rh8+ Rg8 29. Ne5 Qxg2 30. Bb5 Bc6 31. Bxc6+ bxc6 32. R1h7 Rxh8 33. Rxh8+ Ke7 34. Rh7+ Kf6 35.
Rxa7 Qf1+ 36. Ka2 Qe2 37. Rd7 Kg5 38. Rg7+ Kf6 39. Ra7 Kg5 40. Nd7 Kg4 41. Nb6 Rb8 42.
Rd7 Nb7 43. Qc3 Na5 44. Rg7+ Kh5 45. e4 1-0

[Event "Late-Titled-Tuesday-Blitz-April-02-2024"]
[Site "Chess.com"]
[Date "2024.04.02"]
[Round "8"]
[White "KetiTsatsalashvili"]
[Black "lcmil"]
[Result "0-1"]
[WhiteElo "2411"]
[BlackElo "2296"]
[TimeControl "180+1"]
[EndTime "15:27:06 PDT"]
[Termination "lcmil won by checkmate"]

1. d4 Nf6 2. Nf3 g6 3. c4 Bg7 4. Nc3 O-O 5. e4 d6 6. Be2 e5 7.
O-O Nc6 8. d5 Ne7 9. Nd2 a5 10.
a3 Nd7 11. Rb1 f5 12. b4 Nf6 13. c5 f4 14. Nc4 g5 15. f3 axb4 16. axb4 h5 17.
Nb5 Ne8 18. Bb2 Rf6 19. Ra1 Rxa1 20. Qxa1 Rg6 21. Qa8 g4 22. Na7 dxc5 23. Nxe5 Rg5 24. Nxc8 Qxc8 25. Qxc8 Nxc8 26. Nd3 c4 27. Bxg7 cxd3 28.
Bxd3 Kxg7 29. fxg4 Rxg4 30. Be2 Rh4 31. Bf3 Ncd6 32.
Re1 Nc4 33. g3 fxg3 34. hxg3 Nd2 35. Kg2 Rh2+ 36. Kxh2 Nxf3+ 37. Kh3 Nxe1 38. g4 hxg4+ 39. Kxg4 Nd3 40. Kf5 Nd6+ 41. Ke6 Nxe4 42. Kd7 b5 43. Kxc7 Nxb4 44. Kb6 Nc3 45. d6 Nbd5+ 46. Kc5 Kf7 47. Kc6 Ke8 48. d7+ Kd8 49. Kd6 b4 50. Kc6 b3 51.
Kd6 b2 52. Kc6 b1=Q 53. Kd6 Qg6+ 54. Kc5 Kxd7 55. Kd4 Kc6 56. Ke5 Qg5+ 57. Ke6 Qf6# 0-1

[Event "Late-Titled-Tuesday-Blitz-April-02-2024"]
[Site "Chess.com"]
[Date "2024.04.02"]
[Round "8"]
[White "PonyQueen07"]
[Black "steepedgames"]
[Result "0-1"]
[WhiteElo "2237"]
[BlackElo "2515"]
[TimeControl "180+1"]
[EndTime "15:27:06 PDT"]
[Termination "steepedgames won by checkmate"]

1. c4 f5 2. Nc3 Nf6 3. g3 e5 4. Bg2 g6 5. Nf3 Nc6 6. O-O Bg7 7. d3 O-O 8. e4 d6 9. Bg5 h6 10.
Bxf6 Qxf6 11. Nd5 Qf7 12. exf5 gxf5 13. Nh4 f4 14. Be4 Bh3 15. Bg2 Bxg2 16. Kxg2 Nd4 17. f3 c6 18. Nc3 Bf6 19. Kh1 Bxh4 20. gxh4 Nf5 21. Rg1+ Kh7 22. Qe1 Rg8 23. Qf2 Qf6 24.
h5 Qf7 25. Rg4 Qxh5 26. Rag1 Ne3 27. Rxg8 Rxg8 28. Rxg8 Kxg8 29. Ne4 Qg6 30. Qg1 Qxg1+ 31. Kxg1 Nf5 32. Kf2 Kf7 33. Nc3 b6 34. Ne2 Ke6 35. Nc3 Nd4 36. Ne4 d5 37. cxd5+ cxd5 38. Nc3 Kd6 39. Kg2 Kc5 40. Nd1 b5 41. a3 a5 42. Nc3 b4 43. axb4+ axb4 44. Nd1 Nc2 45. Nf2 h5 46. Kh3 Kd4 47. Kh4 Ke3 48. Nd1+ Ke2 49. Nc3+ bxc3 50. bxc3 Kxf3 51. Kxh5 e4 52.
dxe4 dxe4 53. c4 e3 54. c5 Nd4 55. c6 Nxc6 56. Kg5 e2 57. h4 e1=Q 58. h5 Qe5+ 59. Kg6 Ne7+ 60. Kh7 Nf5 61. h6 Qe7+ 62. Kg6 Qe6+ 63.
Kh7 Qf7+ 64. Kh8 Qf8+ 65. Kh7 Qxh6+ 66. Kg8 Qg7# 0-1

[Event "Late-Titled-Tuesday-Blitz-April-02-2024"]
[Site "Chess.com"]
[Date "2024.04.02"]
[Round "8"]
[White "albi1999"]
[Black "Supelyel"]
[Result "1-0"]
[WhiteElo "2612"]
[BlackElo "2431"]
[TimeControl "180+1"]
[EndTime "15:27:07 PDT"]
[Termination "albi1999 won by resignation"]

1. Nf3 Nf6 2. c4 d6 3. Nc3 Nbd7 4. g3 e5 5. Bg2 Be7 6. O-O O-O 7. d3 c6 8. b4 a6 9. a4 h6 10. Rb1 Re8 11. Nd2 Qc7 12. b5 axb5 13. axb5 Nc5 14. Nb3 Ne6 15. Be3 Bd7 16. h3 c5 17. Nd2 Qb6 18.
f4 exf4 19. gxf4 Nd4 20. Bxd4 cxd4 21. Nd5 Nxd5 22. Bxd5 Bxh3 23. Rf3 Bf5 24. Qf1 Bf6 25. Kh1 Ra2 26. Ne4 Bxe4 27. dxe4 Qc5 28. Qg2 Kf8 29.
Bxb7 d3 30. Rxd3 Qxc4 31. Bd5 Qc2 32. Bxa2 Qxa2 33. Rdb3 Bd4 34. b6 Rb8 35. b7 Bc5 36.
e5 Qa4 37. e3 dxe5 38. Qd5 Ba7 39. Qxe5 Qc6+ 40. Kh2 Qf3 41. R1b2 Kg8 42. Qc3 Qh5+ 43. Kg2 Qg4+ 44. Kf2 Qxf4+ 45. Ke2 Qg4+ 46. Kd2 Rd8+ 47. Kc2 Bb8 48. Kb1 Rd1+ 49. Ka2 Qa4+ 50. Ra3 Qe4 51. Qc8+ Kh7 52. Qc2 Qxc2 53. Rxc2 Rd7 54. Rb3 Ba7 55. Rc8 1-0

[Event "Late-Titled-Tuesday-Blitz-April-02-2024"]
[Site "Chess.com"]
[Date "2024.04.02"]
[Round "8"]
[White "jcibarra"]
[Black "Jospem"]
[Result "1-0"]
[WhiteElo "2981"]
[BlackElo "3038"]
[TimeControl "180+1"]
[EndTime "15:27:09 PDT"]
[Termination "jcibarra won on time"]

1. e4 e5 2. Nf3 Nc6 3. Bb5 a6 4. Bxc6 dxc6 5. O-O Bg4 6. h3 Bxf3 7. Qxf3 Ne7 8. Qb3 b6 9. d3 Ng6 10. Be3 Bd6 11. Nd2 O-O 12. Nc4 Qf6 13. g3 Qe6 14.
Kg2 Be7 15. Nd2 Qd7 16. Kh2 Kh8 17. Rae1 a5 18. a4 Bb4 19. c3 Be7 20. d4 f5 21.
exf5 Rxf5 22. Qd1 Raf8 23. Qg4 Qd5 24. Kg1 Nf4 25. Bxf4 exf4 26. Rxe7 Rg5 27. Qe6 Qd8 28. g4 Rg6 29. Qe5 Qc8 30. Re1 Rgf6 31. Re8 Qd7 32. Rxf8+ Rxf8 33. Qe7 Qc8 34. Nf3 c5 35. d5 h6 36. Ne5 Rf6 37. Nd7 Rd6 38. Qe8+ Qxe8 39. Rxe8+ Kh7 40. Nf8+ Kg8 41. Ne6+ Kf7 42. Rf8+ Ke7 43.
Rxf4 Rxd5 44. Nxg7 Rd2 45. Nf5+ Kd7 46. Nxh6 Rxb2 47.
g5 Rd2 48. g6 Rd6 49. g7 Rxh6 50. g8=Q Rd6 51. Qf7+ Kc6 52. Rf6 b5 53. Rxd6+ cxd6 54. Qe8+ 1-0

[Event "Late-Titled-Tuesday-Blitz-April-02-2024"]
[Site "Chess.com"]
[Date "2024.04.02"]
[Round "8"]
[White "KuzubovYuriy"]
[Black "LiemLe"]
[Result "0-1"]
[WhiteElo "2924"]
[BlackElo "3043"]
[TimeControl "180+1"]
[EndTime "15:27:11 PDT"]
[Termination "LiemLe won on time"]

1. Nf3 d5 2. d4 Nf6 3. c4 e6 4. Nc3 Nbd7 5. Qc2 c6 6. cxd5 exd5 7. Bf4 Nh5 8. e3 Nxf4 9. exf4 Bd6 10. g3 O-O 11.
Bd3 Re8+ 12. Kf1 Nf8 13. Kg2 f6 14. h3 Be6 15. Rad1 Rc8 16. a3 Rc7 17. Rd2 Qc8 18. Qb1 a5 19. Nd1 c5 20. Bb5 Rd8 21. Ne3 c4 22.
Re2 Re7 23. a4 Bb4 24. Qd1 Nd7 25. Nc2 Bf5 26. Nxb4 Rxe2 27. Qxe2 axb4 28. Re1 Nf8 29. Nh4 Bd7 30. Bxd7 Qxd7 31. a5 Rc8 32. Nf3 c3 33. bxc3 bxc3 34. Qd3 Qa4 35. Rc1 Qxa5 36. f5 b5 37. g4 b4 38. Qc2 Qa3 39. Rb1 b3 40. Rxb3 Qxb3 41. Qxb3 c2 42. Qxd5+ Kh8 43. g5 c1=Q 44. gxf6 gxf6 45. Qf7 Qh6 46. Kh2 Qg7 47. Qd5 Qd7 48. Qe4 Qd6+ 49. Kg2 Nd7 50. Nh4 Rg8+ 51.
Kf3 Qa3+ 52. Ke2 Qxh3 53. f3 Qh2+ 54. Kd3 Rb8 55. Qe7 Qxh4 56. Qxd7 Qf4 57. Qc6 Qxf5+ 58. Kc4 Rc8 0-1

[Event "Late-Titled-Tuesday-Blitz-April-02-2024"]
[Site "Chess.com"]
[Date "2024.04.02"]
[Round "8"]
[White "maurovargas01"]
[Black "Kostukov_Alex"]
[Result "0-1"]
[WhiteElo "1887"]
[BlackElo "2286"]
[TimeControl "180+1"]
[EndTime "15:27:11 PDT"]
[Termination "Kostukov_Alex won by checkmate"]

1. e4 c5 2. Nc3 g6 3. f4 Bg7 4. Nf3 Nc6 5. Bb5 Nd4 6. Bf1 e6 7. d3 Ne7 8. g3 O-O 9. Bg2 Nec6 10. O-O Nxf3+ 11. Bxf3 Nd4 12. Bg2 Rb8 13. Ne2 b5 14. c3 Nxe2+ 15. Qxe2 Bb7 16. f5 exf5 17. exf5 Bxg2 18. Qxg2 b4 19. fxg6 hxg6 20. Bd2 a5 21. Qd5 d6 22. Bg5 Qb6 23. Rac1 Rbe8 24. Bf4 Be5 25.
Bxe5 Rxe5 26. Qg2 Rfe8 27. Qf3 R8e7 28. Qa8+ Kg7 29. Qf3 d5 30. Rcd1 Qe6 31. d4 Re3 32.
Qg2 c4 33. cxb4 axb4 34. Rf2 c3 35. bxc3 bxc3 36. Rdf1 f5 37. g4 fxg4 38. Rf4 Re2 39. Qg3 Qe3+ 40. Kh1 Qxg3 41. hxg3 c2 42. Rc1 Re1+ 43.
Rf1 Rxf1+ 44. Rxf1 Re2 45. Rc1 Rd2 46. Kg1 Rd1+ 47. Rxd1 cxd1=Q+ 48. Kf2 Qxd4+ 49. Kf1 Qb2 50. a4 d4 51. a5 d3 52. a6 Qe2+ 53. Kg1 d2 54. a7 d1=Q# 0-1

[Event "Late-Titled-Tuesday-Blitz-April-02-2024"]
[Site "Chess.com"]
[Date "2024.04.02"]
[Round "8"]
[White "kleber2007"]
[Black "GoValya"]
[Result "0-1"]
[WhiteElo "2448"]
[BlackElo "2253"]
[TimeControl "180+1"]
[EndTime "15:27:12 PDT"]
[Termination "GoValya won by resignation"]

1. Nf3 d5 2. g3 Bg4 3. Bg2 Nf6 4. O-O Bxf3 5. Bxf3 e6 6. c4 c6 7. d4 Bd6 8. Nd2 O-O 9. e4 dxe4 10. Nxe4 Nxe4 11. Bxe4 Nd7 12. b3 Nf6 13. Bc2 c5 14. Bb2 cxd4 15. Qxd4 e5 16. Qd3 Qc7 17. Rad1 Rad8 18. Qf5 Qe7 19. Rfe1 g6 20. Qg5 h6 21. Qxh6 Ng4 22. Qh3 f5 23. Qg2 Bc5 24. Re2 Rxd1+ 25. Bxd1 e4 26. Bc2 Ne5 27. Bxe5 Qxe5 28. Qf1 Rd8 29. Kg2 Qc3 30. Qe1 Qf3+ 31. Kg1 Kf7 32. Qf1 Rd7 33. b4 Bxb4 34. c5 Bxc5 35. Bb3+ Kg7 36.
Bc4 a6 37. a4 Bd4 38. Rc2 e3 39. Re2 exf2+ 40. Rxf2 Bxf2+ 41. Qxf2 Rd1+ 42. Bf1 Qxf2+ 43. Kxf2 Rd2+ 44. Ke3 Rxh2 45. Be2 Rh3 46. Kf4 Rh2 47. Bf3 Rb2 48. a5 Rb4+ 49. Ke3 Rb5 50. Kd4 Rxa5 51.
Bxb7 Ra4+ 52. Ke5 a5 53. Bc6 Rb4 54. Bd7 a4 55. g4 fxg4 56. Bxg4 Rxg4 57. Kd5 Rb4 58.
Ke5 Rb3 59. Kd5 Kf6 60. Kc5 g5 61. Kd4 g4 62. Kc4 g3 63. Kd4 g2 64. Kc4 g1=Q 0-1

[Event "Late-Titled-Tuesday-Blitz-April-02-2024"]
[Site "Chess.com"]
[Date "2024.04.02"]
[Round "8"]
[White "AsaHoffmann"]
[Black "ZachHKL"]
[Result "0-1"]
[WhiteElo "2403"]
[BlackElo "2287"]
[TimeControl "180+1"]
[EndTime "15:27:14 PDT"]
[Termination "ZachHKL won by resignation"]

1. d4 Nf6 2. Bg5 e6 3. Nd2 h6 4. Bh4 Be7 5. e3 d5 6. Bd3 c5 7. c3 Qb6 8. Rb1 Nc6 9. f4 Bd7 10. Ngf3 O-O-O 11. Ne5 Rdf8 12. O-O Rhg8 13. Bf2 g5 14.
fxg5 hxg5 15. Bg3 Rh8 16. a3 Be8 17. b4 c4 18. Bc2 Nh5 19. Bf2 Nxe5 20. dxe5 f6 21.
e4 Qc7 22. Nf3 Bc6 23. Nd4 Qxe5 24. Nxc6 bxc6 25. Bd4 Qc7 26. Qe2 Bd6 27. h3 Bh2+ 28. Kf2 Ng3 29. Qf3 Nxf1 30. Rxf1 g4 31. hxg4 Be5 32. Bc5 Rfg8 33. exd5 cxd5 34. a4 Qg7 35. Bd1 Qh6 36. Bxa7 Qd2+ 37. Be2 Qxc3 38. Qxc3 Bxc3 39. b5 e5 40. Rc1 Bd4+ 41. Bxd4 exd4 42. Bf3 Rd8 43. a5 Kb7 44. b6 Ka6 45. Rb1 Kxa5 46. Ke2 Ka6 47. b7 Ka7 48. Rb5 Rhe8+ 49. Kd2 d3 50.
Bxd5 Re2+ 51. Kc3 Rc2+ 52. Kd4 Kb8 53. Rb1 d2 54. Rd1 c3 55. Kd3 Rc1 56. Rxd2 cxd2 57.
Kxd2 Rc7 58. Ke3 Rxd5 59. Kf4 Rg5 60. g3 Rcg7 61. Ke4 Kxb7 62. Kf4 Rxg4+ 63. Kf5 R7g6 64.
Ke6 Rxg3 65. Kf7 f5 66. Kf8 f4 67. Kf7 f3 68. Kf8 f2 0-1

[Event "Late-Titled-Tuesday-Blitz-April-02-2024"]
[Site "Chess.com"]
[Date "2024.04.02"]
[Round "8"]
[White "SpeedofLight0"]
[Black "Oleksandr_Bortnyk"]
[Result "1-0"]
[WhiteElo "3090"]
[BlackElo "3058"]
[TimeControl "180+1"]
[EndTime "15:27:15 PDT"]
[Termination "SpeedofLight0 won by resignation"]

1. d4 Nf6 2. Nc3 d6 3. e4 Nbd7 4. Nf3 e5 5. Bc4 Be7 6. O-O O-O 7. Re1 a6 8. a4 b6 9. h3 Bb7 10. b3 c6 11. Bd3 b5 12. Bb2 Qb6 13. Ne2 Rfe8 14. dxe5 dxe5 15. Nxe5 Bc5 16. Nxd7 Bxf2+ 17. Kh1 Nxd7 18. Rf1 Ne5 19. a5 Qa7 20. Nf4 Rad8 21.
Bxe5 Rxe5 22. Qf3 Bc5 23. Nh5 Bc8 24. Nxg7 Bd4 25. Rad1 Qe7 26. Nh5 Rg5 27. e5 Bxe5 28.
Rde1 Be6 29. Rxe5 Rxe5 30. Nf6+ Kh8 31. Bxh7 Rg5 32. Qf4 Rf5 33. Bxf5 Qxf6 34. Bxe6 Qxf4 35.
Rxf4 fxe6 36. Rf6 Rd6 37. Rf8+ Kg7 38. Ra8 Rd2 39. Rxa6 Rxc2 40. Rb6 Kf6 41. a6 Ke7 42. Kg1 Kd6 43. h4 Ra2 44. h5 Kc5 45. Rb8 Rxa6 46.
h6 Ra7 47. g4 Rf7 48. g5 Rf5 49.
h7 Rxg5+ 50. Kf2 Rh5 51. h8=Q Rxh8 52. Rxh8 Kb4 53. Rh3 c5 54. Ke2 Ka3 55. Kd2 Kb2 56. Rc3 c4 57. bxc4 b4 58. Re3 b3 59. c5 Kb1 60. Rxb3+ 1-0